 Dungeon Crawl Stone Soup version 0.31-a0-446-g07c4bd200f (webtiles) character file.

Game seed: 77540552999754491

68 Ethylacetat the Insei (level 4, -2/24 HPs)
             Began as a Vine Stalker Monk on Aug 3, 2023.
             Slain by an ice beast (5 damage)
             ... on level 3 of the Dungeon.
             The game lasted 00:03:02 (2155 turns).

Ethylacetat the Insei (Vine Stalker Monk)           Turns: 2155, Time: 00:03:03

Health: -2/24      AC:  2    Str: 13    XL:     4   Next: 19%
Magic:  0/7        EV: 13    Int: 10    God:
Gold:   202        SH:  0    Dex: 19    Spells: 6/6 levels left

rFire   . . .        t - +0 dagger (protect)
rCold   . . .        c - orb {light}
rNeg    . . .        a - +0 robe
rPois   .            (no helmet)
rElec   .            (no cloak)
rCorr   .            (no gloves)
SInv    .            (no boots)
Will    .....        (no amulet)
Stlth   +            (no ring)
HPRegen 1.04/turn    (no ring)
MPRegen 0.10/turn

%: guardian spirit
@: attractive, glowing
A: fangs 2, regeneration 1, magic shield, antimagic bite, no potion heal 2
a: no special abilities


You were on level 3 of the Dungeon.
You visited 1 branch of the dungeon, and saw 4 of its levels.

You collected 202 gold pieces.

Inventory:

Hand Weapons
 t - a +0 dagger of protection (weapon)
Armour
 a - a +0 robe (worn)
 c - an orb of light (worn)
Jewellery
 d - a ring of positive energy
 e - a ring of poison resistance
Talismans
 r - a maw talisman
Scrolls
 g - a scroll of brand weapon {unknown}
 i - 2 scrolls of blinking {unknown}
 k - a scroll of enchant armour {unknown}
 n - a scroll of noise {unknown}
 o - a scroll of torment {unknown}
 s - a scroll of identify {unknown}
Potions
 b - a potion of ambrosia
 h - a potion of brilliance {unknown}
 j - a potion of mutation {unknown}
 l - 2 potions of heal wounds {unknown}
 m - a potion of degeneration {unknown}
 p - a potion of enlightenment {unknown}
 q - 2 potions of lignification {unknown}


   Skills:
 + Level 3.3 Fighting
 - Level 2.4 Dodging
 + Level 3.7 Unarmed Combat
 + Level 1.9 Spellcasting
 * Level 0.1 Shapeshifting


You had 6 spell levels left.
You didn't know any spells.
Your spell library contained the following spells:

 Spells                   Type           Power      Damage    Failure   Level
 Ensorcelled Hibernation  Hex/Ice        0%         N/A       43%         2
 Passwall                 Tmut/Erth      0%         N/A       43%         2
 Swiftness                Air            0%         N/A       67%         3


Dungeon Overview and Level Annotations

Branches:
Dungeon (4/15)
 Temple: D:4-7

Altars:
Kikubaaqudgha

Shops:
D:3 :


Innate Abilities, Weirdness & Mutations

You have extremely sharp teeth.
Your natural rate of healing is unusually fast.
When hurt, damage is shared between your health and your magic reserves.
Your bite disrupts and absorbs the magic of your enemies.
Potions cannot restore your health.


Message History

You kill the endoplasm!
You open the door. You open the door.
Found 8 stones.
No target in view!
No target in view!
No target in view!
No target in view!
Found a stone staircase leading up.
No target in view!
No target in view!
Found a stone staircase leading up.
No target in view!
No target in view!
No target in view!
No target in view!
You see here 8 stones.
There is a stone staircase leading up here.
An ice beast and an orc priest come into view.
The orc priest shouts!
An orc comes into view. It is wielding a +0 hand axe.
The orc shouts!
An orc comes into view. It is wielding a +0 war axe.
The ice beast hits you. The ice beast freezes you!
Unknown command.
The ice beast attacks as you move away! The ice beast hits you.
The ice beast freezes you!
The orc priest casts a cantrip, but nothing happens.
There is a stone staircase leading up here.
The orc priest looks encouraged for a moment.
The ice beast hits you. The ice beast freezes you!
* * * LOW HITPOINT WARNING * * *
You climb upwards.
There is a stone staircase leading down here.
It was a potion of attraction.
You feel attractive to monsters. The ice beast hits you.
* * * LOW HITPOINT WARNING * * *
The ice beast freezes you.
You die...

##.###.###.##...#...## #.
#...........#.#...#.# #.
..##.###.##...#.....# #.
#.#.......#.#.#...### #.
#...##.##...#.....##### #######.
#.#.#...#.#.#.#.......# #.......
..#...#...#...#.#.###.####.####>.
#.#.#...#.#.#.###Y# #......#.....
#...##.##...#..#@.# ###....#.....
#.#.......#.#.#..## ##.##.......
..##.###.##...#.######†.###......
#...........#.#.###....## #......
##.###.###.##.......#### ##.....
..............#.##### #.....
)###.###.###.#### #.....
#..####...#...# #..... ..##
######### #.....


You could see an ice beast.

Vanquished Creatures
  An adder (D:3)
  A worm (D:2)
  2 dart slugs
  3 orcs
  8 endoplasms
  4 goblins
  3 hobgoblins
  2 quokkas
  7 ball pythons
  3 bats
  7 kobolds
  7 rats
48 creatures vanquished.

Notes
Turn   | Place    | Note
-------+----------+-------------------------------------------
     0 | D:1      | Ethylacetat the Vine Stalker Monk began the quest for the
                  | Orb.
     0 | D:1      | Reached XP level 1. HP: 11/11 MP: 2/2
   149 | D:1      | Reached XP level 2. HP: 16/16 MP: 2/4
   212 | D:1      | Reached skill level 1 in Spellcasting
   750 | D:2      | Found a faded altar of an unknown god.
   807 | D:2      | Reached XP level 3. HP: 20/20 MP: 5/5
  1358 | D:2      | Found an ancient bone altar of Kikubaaqudgha.
  1709 | D:3      | Gained mutation: Your natural rate of healing is unusually
                  | fast. [Vine Stalker growth]
  1709 | D:3      | Reached XP level 4. HP: 24/24 MP: 7/7
  1775 | D:3      | Found Wit Owe's Book Boutique.
  2145 | D:4      | Noticed an ice beast
  2155 | D:3      | Slain by an ice beast

Illustrated notes

Levels and vault maps discovered:
D:1:      heliophobic_arrival_ceremonial_halls, layout_loops_ring,
          minmay_misc_feat_tiny
D:2:      layout_basic, basic_altar, chequers_ecumenical_altar_simple,
          roderic_lattice_a, fountainhead
D:3:      layout_rooms, serial_shops, shop,
          nicolae_concentric_dashed_squares_wild, nicolae_twisty_statue_hallways
D:4:      layout_basic, serial_shops, nicolae_shop_real_fake_doors

Skill      XL: |  1  2 |
---------------+-------+-----
Spellcasting   | 1 |  1.9
Fighting       | 3 |  3.3
Dodging        | |  2.4
Unarmed Combat | |  3.7
Shapeshifting  | |  0.1

Action                     |  1- 3 |  4- 6 || total
---------------------------+-------+-------++-------
  Melee: Unarmed           |    79 |    18 ||    97
         Bite              |    31 |     7 ||    38
         Dagger            |       |     1 ||     1
    Use: Potion            |       |     1 ||     1
   Stab: Sleeping          |     1 |       ||     1
 Armour: Robe              |     4 |       ||     4
  Dodge: Dodged            |    35 |     9 ||    44

Table legend: (Time is in decaauts)
 A = Elapsed time spent in this place.
 B = Non-inter-level travel time spent in this place.
 C = Inter-level travel time spent in this place.
 D = Time resting spent in this place.
 E = Time spent auto-exploring this place.
 F = Levels seen in this place.
 G = Mean time per level.
                   A        B        C        D        E       F      G
               +--------+--------+--------+--------+--------+-----+--------+
         Total |   2149 |   2045 |    104 |      0 |   1738 |   4 |  537.2 |
       Dungeon |   2149 |   2045 |    104 |      0 |   1738 |   4 |  537.2 |
               +--------+--------+--------+--------+--------+-----+--------+

Top non-repeatable levels by time:
     D:2: 849 daAuts
     D:1: 748 daAuts
     D:3: 436 daAuts
     D:4: 114 daAuts
